 Dungeon Crawl Stone Soup version 0.28-b1-25-g9875b3fc8c (webtiles) character file.

Game seed: 11366454969947823471

221 Lathuz the Digger (level 5, 0/28 HPs)
             Began as a Gargoyle Earth Elementalist on Feb 3, 2022.
             Slain by a scorpion (4 damage)
             ... on level 4 of the Dungeon.
             The game lasted 00:09:52 (2885 turns).

Lathuz the Digger (Gargoyle Earth Elementalist)     Turns: 2885, Time: 00:09:53

Health: 0/28       AC:  6    Str: 12    XL:     5   Next: 98%
Magic:  4/10       EV: 11    Int: 17    God:
Gold:   89         SH:  0    Dex: 10    Spells: 7/11 levels left

rFire   . . .      SeeInvis .   c - +0 dagger
rCold   . . .      Faith    .   (no shield)
rNeg    + . .      Spirit   .   b - +0 robe
rPois   ∞          Reflect  .   (no helmet)
rElec   +          Harm     .   (no cloak)
rCorr   .          Rampage  .   (no gloves)
Will    .....                   (no boots)
Stlth   ++........              (no amulet)
HPRegen 0.09/turn               (no ring)
MPRegen 0.12/turn               (no ring)

@: no status effects
A: sickness immunity, AC +4, negative energy resistance 1, electricity
resistance, torment resistance 1, petrification resistance
a: no special abilities


You were on level 4 of the Dungeon.
You visited 1 branch of the dungeon, and saw 4 of its levels.

You collected 89 gold pieces.

Inventory:

Hand Weapons
 c - a +0 dagger (weapon)
Missiles
 a - 4 javelins
 s - 56 stones
Armour
 b - a +0 robe (worn)
 l - a +0 helmet
 m - a +0 cloak
 p - a +2 helmet
 q - a +0 helmet
Wands
 h - a wand of acid (5)
Scrolls
 e - a scroll of silence {unknown}
 f - 2 scrolls of noise
 i - a scroll of identify {unknown}
 n - a scroll of amnesia {unknown}
 o - a scroll of teleportation {unknown}
 r - a scroll of magic mapping {unknown}
Potions
 d - a potion of heal wounds {unknown}
 g - a potion of flight {unknown}
 j - 3 potions of mutation {unknown}
 k - 2 potions of lignification {unknown}


   Skills:
 - Level 1.5 Dodging
 - Level 2.1 Stealth
 + Level 3.9 Spellcasting
 + Level 2.0 Conjurations
 - Level 0.7 Transmutations
 + Level 5.7 Earth Magic


You had 7 spell levels left.
You knew the following spells:

 Your Spells              Type           Power      Damage    Failure   Level
a - Sandblast             Erth           46%        2d11      1%          1
x - Stone Arrow           Conj/Erth      32%        3d9       10%         3

Your spell library contained the following spells:

 Spells                   Type           Power      Damage    Failure   Level
 Passwall                 Tmut/Erth      11%        N/A       6%          2
 Freeze                   Ice            12%        1d4       16%         1
 Petrify                  Tmut/Erth      14%        N/A       38%         4
 Frozen Ramparts          Ice            6%         1d2       43%         3
 Gell's Gravitas          Tloc           3%         N/A       43%         3
 Teleport Other           Tloc           3%         N/A       43%         3
 Hailstorm                Conj/Ice       6%         3d4       71%         4
 Dispersal                Tloc           1%         N/A       100%        6


Dungeon Overview and Level Annotations

Branches:
Dungeon (4/15)
 Temple: D:4-7

Altars:


Innate Abilities, Weirdness & Mutations

You are immune to sickness and miasma.
Your stone body is resilient. (AC +4)
You are immune to poison.
You resist negative energy. (rN+)
You are resistant to electric shocks. (rElec)
You are resistant to unholy torment.
You are immune to petrification.


Message History

* * * LOW HITPOINT WARNING * * *
Casting: Sandblast (safe; 1% risk of failure)
Confirm with . or Enter, or press ? or * to list all spells.
Aiming: Sandblast (safe; 1% risk of failure)
Press: ? - help, Shift-Dir - straight line, f/p - scorpion
Aim: a scorpion (lightly wounded, 81% to hit)
The blast of sand misses the scorpion.
The bat hits you.
* * * LOW HITPOINT WARNING * * *
The scorpion stings you.
* * * LOW HITPOINT WARNING * * *
Casting: Sandblast (safe; 1% risk of failure)
Confirm with . or Enter, or press ? or * to list all spells.
Aiming: Sandblast (safe; 1% risk of failure)
Press: ? - help, Shift-Dir - straight line, f/p - scorpion
Aim: a scorpion (lightly wounded, 81% to hit)
The blast of sand hits the scorpion.
The scorpion is moderately wounded.
Casting: Sandblast (safe; 1% risk of failure)
Confirm with . or Enter, or press ? or * to list all spells.
Aiming: Sandblast (safe; 1% risk of failure)
Press: ? - help, Shift-Dir - straight line, f/p - scorpion
Aim: a scorpion (moderately wounded, 81% to hit)
The blast of sand hits the scorpion.
The scorpion is severely wounded.
Casting: Sandblast (safe; 1% risk of failure)
Confirm with . or Enter, or press ? or * to list all spells.
Aiming: Sandblast (safe; 1% risk of failure)
Press: ? - help, Shift-Dir - straight line, f/p - scorpion
Aim: a scorpion (severely wounded, 81% to hit)
The scorpion is severely wounded.
The bat hits you.
* * * LOW HITPOINT WARNING * * *
Casting: Sandblast (safe; 1% risk of failure)
Confirm with . or Enter, or press ? or * to list all spells.
Aiming: Sandblast (safe; 1% risk of failure)
Press: ? - help, Shift-Dir - straight line, f/p - scorpion
Aim: a scorpion (severely wounded, 81% to hit)
The scorpion is severely wounded.
The scorpion stings you.
You die...

# ####.####
.........#######
......s@.†....##
.......b#####..#
.....#########)#
.....#.......#.#
####.#...≈...#.#
#.#..§.≈..#.#
#.')§.§.≈.'.#
#.#.§≈.≈..###
#.#..§§...#


You could see a scorpion and a bat.

Vanquished Creatures
  A black bear (D:4)
  Jessica (D:2)
  A howler monkey zombie (D:3)
  3 adders
  A worm (D:2)
  2 dart slugs
  An orc (D:3)
  4 ball pythons
  8 bats
  6 endoplasms (D:1)
  3 giant cockroaches (D:2)
  5 goblins
  9 hobgoblins
  2 quokkas
  4 frilled lizards
  6 kobolds
  5 rats
  A spectral kobold (D:3)
63 creatures vanquished.

Notes
Turn   | Place    | Note
-------+----------+-------------------------------------------
     0 | D:1      | Lathuz the Gargoyle Earth Elementalist began the quest for
                  | the Orb.
     0 | D:1      | Reached XP level 1. HP: 10/10 MP: 3/3
   206 | D:1      | Reached skill level 4 in Earth Magic
   206 | D:1      | Reached XP level 2. HP: 13/15 MP: 3/5
   906 | D:1      | Reached XP level 3. HP: 13/19 MP: 0/7
  1280 | D:2      | Noticed Jessica
  1286 | D:2      | Killed Jessica
  1287 | D:2      | Reached XP level 4. HP: 24/24 MP: 4/8
  1412 | D:2      | Reached skill level 5 in Earth Magic
  1992 | D:3      | Learned a level 3 spell: Stone Arrow
  2020 | D:3      | Found a faded altar of an unknown god.
  2384 | D:3      | Reached XP level 5. HP: 19/28 MP: 10/10
  2618 | D:3      | Reached skill level 1 in Conjurations
  2861 | D:4      | Noticed a black bear
  2866 | D:4      | Killed a black bear
  2885 | D:4      | Slain by a scorpion

Illustrated notes

Levels and vault maps discovered:
D:1:      mrwooster_arrival_statue_3, layout_rooms, minmay_misc_feat_ornament,
          chequers_serial_rivers_room_b
D:2:      layout_rooms, uniq_jessica
D:3:      layout_loops_ring, dreamdust_ecumenical_altar_drowned_temple,
          st_stairs_14, minivault_14
D:4:      old_forge, layout_basic, amethyst_overflow_temple_binary,
          kennysheep_generic_room_10

Skill      XL: |  1  2  3  4  5 |
---------------+----------------+-----
Earth Magic    | 4 5 |  5.7
Spellcasting   | 3 |  3.9
Conjurations   | 2 |  2.0
Dodging        | |  1.5
Stealth        | |  2.1
Transmutations | |  0.7

Action                   |  1- 3 |  4- 6 || total
-------------------------+-------+-------++-------
Melee: Dagger            |    68 |    66 ||   134
       Unarmed           |     3 |       ||     3
       Punch             |     1 |     2 ||     3
 Cast: Sandblast         |    29 |    31 ||    60
  Use: Scroll            |       |     1 ||     1
 Stab: Sleeping          |       |     2 ||     2
Armor: Robe              |    30 |    24 ||    54
Dodge: Dodged            |    50 |    52 ||   102
